[Event "International Championship of Central S"]
[Site "Paracin"]
[Date "2014.07.05"]
[Round "3.1"]
[White "Rapport, Richard"]
[Black "Chandra, Akshat"]
[Result "1/2-1/2"]
[ECO "B20"]
[WhiteElo "2701"]
[BlackElo "2442"]
[Annotator "Boban,Milojevic"]
[PlyCount "82"]
[EventDate "2014.??.??"]
[TimeControl "6000+755"]
[WhiteClock "0:28:39"]
[BlackClock "0:04:05"]

1. e4 c5 2. d3 Nc6 3. Be2 e6 4. f4 d5 5. Nf3 g6 6. O-O Bg7 7. Na3 Nge7 8. c3
O-O 9. Qe1 b6 10. e5 Ba6 11. b4 Bb7 12. d4 cxb4 13. cxb4 a6 14. Nc2 b5 15. Bd3
Qb6 16. Rb1 Bc8 17. Kh1 f5 18. exf6 Bxf6 19. Ne5 Nf5 20. Be3 Nxe3 21. Qxe3 Ra7
22. Rf3 Nxe5 23. fxe5 Bg7 24. Rbf1 Raf7 25. Rxf7 Rxf7 26. Rxf7 Kxf7 27. h4 Qd8
28. g3 Kg8 29. Kg2 Bd7 30. Be2 Qc7 31. Bd3 Qc3 32. h5 Bh6 33. Qxh6 Qxd3 34. Ne3
Qxd4 35. Qg5 Be8 36. h6 Qd2+ 37. Kh3 Qc1 38. Kh2 Qd2+ 39. Kh3 Qc1 40. Kh2 Qd2+
41. Kh3 Qc1 1/2-1/2

[Event "International Championship of Central S"]
[Site "Paracin"]
[Date "2014.07.05"]
[Round "3.2"]
[White "Damljanovic, Branko"]
[Black "Nestorovic, Nikola"]
[Result "1-0"]
[ECO "A57"]
[WhiteElo "2562"]
[BlackElo "2439"]
[Annotator "Boban,Milojevic"]
[PlyCount "77"]
[EventDate "2014.??.??"]
[TimeControl "6000+1530"]
[WhiteClock "0:03:17"]
[BlackClock "0:00:31"]

1. d4 Nf6 2. c4 c5 3. d5 b5 4. Nf3 g6 5. cxb5 a6 6. Qc2 Qb6 7. e4 d6 8. Nc3 Bg7
9. a4 axb5 10. Bxb5+ Bd7 11. O-O O-O 12. Bg5 Bxb5 13. axb5 Nbd7 14. Nd2 Ne5 15.
h3 h6 16. Be3 g5 17. g3 g4 18. Bf4 Ng6 19. Nc4 Qc7 20. hxg4 Nxf4 21. gxf4 Nxg4
22. Rxa8 Rxa8 23. Qe2 h5 24. f3 Bd4+ 25. Kh1 Nh6 26. Qh2 Kg7 27. Ne2 Rh8 28. b6
Qd7 29. b3 Qb5 30. Nxd4 cxd4 31. Rg1+ Kh7 32. Qc2 Rg8 33. Rg5 Qb4 34. Rxg8 Nxg8
35. Kg2 Kh6 36. e5 Qb5 37. Qd3 Qxd5 38. Ne3 Qb7 39. Nf5+ 1-0

[Event "International Championship of Central S"]
[Site "Paracin"]
[Date "2014.07.05"]
[Round "3.3"]
[White "Zajic, Milan"]
[Black "Atalik, Suat"]
[Result "0-1"]
[ECO "B92"]
[WhiteElo "2415"]
[BlackElo "2550"]
[Annotator "Boban,Milojevic"]
[PlyCount "142"]
[EventDate "2014.??.??"]
[TimeControl "6000+1220"]
[WhiteClock "0:02:26"]
[BlackClock "0:04:17"]

1. e4 c5 2. Nf3 d6 3. d4 cxd4 4. Nxd4 Nf6 5. Nc3 a6 6. Be2 e5 7. Nb3 Be6 8. f4
Be7 9. f5 Bd7 10. Bf3 Bc6 11. Be3 h5 12. a4 Nbd7 13. a5 Rc8 14. O-O Ng4 15.
Bxg4 hxg4 16. Qxg4 Nf6 17. Qe2 Qd7 18. Bb6 Bb5 19. Nxb5 Qxb5 20. Qd3 d5 21.
exd5 Qxd3 22. cxd3 Nxd5 23. Rae1 Nxb6 24. axb6 Rh6 25. Rxe5 Rxb6 26. Nd2 Kf8
27. Nc4 Rbc6 28. Rfe1 Bb4 29. R1e2 b5 30. Ne3 Rd6 31. Rd5 Rcd8 32. Rxd6 Rxd6
33. Nc2 Bc5+ 34. d4 Bxd4+ 35. Nxd4 Rxd4 36. b3 a5 37. Ra2 a4 38. bxa4 bxa4 39.
f6 g5 40. Kf2 Kg8 41. Re2 Rf4+ 42. Kg3 Kh7 43. Re5 Kg6 44. Ra5 Kxf6 45. Kh3 Kg6
46. g4 Rb4 47. Ra6+ Kg7 48. Kg3 Rb3+ 49. Kg2 a3 50. Ra5 f6 51. Ra7+ Kf8 52. h3
Ke8 53. Ra6 Ke7 54. Kh2 Rb2+ 55. Kg3 a2 56. Kf3 Kd7 57. Ke4 Kc7 58. Kf5 Rf2+
59. Kg6 Kb7 60. Ra3 Kc6 61. Kh5 Kd5 62. Ra4 Kc5 63. Ra8 Kb4 64. Kg6 Kb3 65.
Rb8+ Kc2 66. Ra8 Kb1 67. Rb8+ Rb2 68. Re8 a1=Q 69. Re1+ Ka2 70. Rxa1+ Kxa1 71.
Kxf6 Rb5 0-1

[Event "International Championship of Central S"]
[Site "Paracin"]
[Date "2014.07.05"]
[Round "3.4"]
[White "Tosic, Srecko"]
[Black "Savic, Miodrag R"]
[Result "0-1"]
[ECO "D02"]
[WhiteElo "2399"]
[BlackElo "2522"]
[Annotator "Boban,Milojevic"]
[PlyCount "70"]
[EventDate "2014.??.??"]
[TimeControl "6000+1715"]
[WhiteClock "0:19:56"]
[BlackClock "0:04:15"]

1. d4 d5 2. Nf3 Nf6 3. c3 g6 4. Bf4 Bg7 5. e3 O-O 6. Nbd2 c5 7. Be2 Nc6 8. O-O
Qb6 9. Qb3 Qa5 10. Qb5 Qxb5 11. Bxb5 Nd7 12. Nb3 c4 13. Bxc6 bxc6 14. Na5 c5
15. Nc6 Re8 16. Rfd1 cxd4 17. exd4 a5 18. Re1 e6 19. b4 axb4 20. Nxb4 Nf6 21.
Nd2 Bd7 22. f3 Ra7 23. Bd6 Rea8 24. Re2 Ne8 25. Bc5 Ra4 26. Kf2 Nc7 27. Nb1 Nb5
28. Rb2 Rc8 29. Nc2 e5 30. Ke3 Bh6+ 31. Ke2 Bc1 32. Rb4 Rxb4 33. Bxb4 exd4 34.
cxd4 Bb2 35. a4 Nxd4+ 0-1

[Event "International Championship of Central S"]
[Site "Paracin"]
[Date "2014.07.05"]
[Round "3.5"]
[White "Drenchev, Petar"]
[Black "Nestorovic, Dejan"]
[Result "1/2-1/2"]
[ECO "B40"]
[WhiteElo "2511"]
[BlackElo "2408"]
[Annotator "Boban,Milojevic"]
[PlyCount "113"]
[EventDate "2014.??.??"]
[TimeControl "5400+1375"]
[WhiteClock "0:03:24"]
[BlackClock "0:02:57"]

1. e4 c5 2. Nf3 e6 3. b3 Nf6 4. e5 Nd5 5. Bb2 Nc6 6. g3 b6 7. Bg2 Qc7 8. O-O
Bb7 9. Re1 f5 10. Na3 a6 11. Nc4 b5 12. Nd6+ Bxd6 13. exd6 Qxd6 14. Ng5 e5 15.
c4 bxc4 16. bxc4 Nde7 17. Bxe5 Nxe5 18. Bxb7 Rb8 19. Bd5 Nxd5 20. Qh5+ g6 21.
Qe2 Ne7 22. Qxe5 Qxe5 23. Rxe5 d6 24. Re6 Kd7 25. Rae1 Rbe8 26. Rf6 Nc8 27.
Rf7+ Kc6 28. Re3 Nb6 29. d3 Na4 30. Nxh7 Rxe3 31. fxe3 Nb2 32. Nf6 Rb8 33. Nd5
Rb7 34. Ne7+ Kb6 35. Nc8+ Kc6 36. Nxd6 Rd7 37. Rxd7 Kxd7 38. Nb7 Nxd3 39. Kf1
Kc6 40. Na5+ Kb6 41. Nb3 Ne5 42. Nd2 Ng4 43. h4 Nxe3+ 44. Ke2 Nc2 45. Kf3 Nd4+
46. Kf4 Ne2+ 47. Kg5 Nxg3 48. Kxg6 Ka5 49. Kg5 Kb4 50. Kf4 Nh5+ 51. Kxf5 Kc3
52. Ne4+ Kxc4 53. Kg5 Ng7 54. Kf6 Nh5+ 55. Kg5 Ng7 56. Kf6 Nh5+ 57. Kg5 1/2-1/2

[Event "International Championship of Central S"]
[Site "Paracin"]
[Date "2014.07.05"]
[Round "3.6"]
[White "Kadric, Denis"]
[Black "Liou, Yian"]
[Result "1/2-1/2"]
[ECO "C24"]
[WhiteElo "2494"]
[BlackElo "2387"]
[Annotator "Boban,Milojevic"]
[PlyCount "43"]
[EventDate "2014.??.??"]
[TimeControl "6000+1190"]
[WhiteClock "0:31:17"]
[BlackClock "0:59:44"]

1. e4 e5 2. Bc4 Nf6 3. d3 c6 4. Nf3 d5 5. Bb3 Bd6 6. exd5 Nxd5 7. O-O O-O 8.
Re1 Nd7 9. Nbd2 Bc7 10. Ne4 h6 11. Bd2 Re8 12. h3 a5 13. a3 Nf8 14. c4 Nf4 15.
Bxf4 exf4 16. d4 Bf5 17. Bc2 Ng6 18. Qd3 Nh4 19. Nxh4 Qxh4 20. Nf6+ Qxf6 21.
Qxf5 Qxf5 22. Bxf5 1/2-1/2

[Event "International Championship of Central S"]
[Site "Paracin"]
[Date "2014.07.05"]
[Round "3.7"]
[White "Tomic, Bosko"]
[Black "Obodchuk, Andrei"]
[Result "1/2-1/2"]
[ECO "B63"]
[WhiteElo "2450"]
[BlackElo "2374"]
[Annotator "Boban,Milojevic"]
[PlyCount "48"]
[EventDate "2014.??.??"]
[TimeControl "6000+1785"]
[WhiteClock "0:20:50"]
[BlackClock "1:22:40"]

1. e4 c5 2. Nf3 Nc6 3. Nc3 d6 4. d4 cxd4 5. Nxd4 Nf6 6. Bg5 e6 7. Qd2 Be7 8.
O-O-O Nxd4 9. Qxd4 O-O 10. f4 h6 11. Bh4 Qa5 12. e5 dxe5 13. Qxe5 Qxe5 14. fxe5
Nd5 15. Bxe7 Nxe7 16. Bd3 b6 17. Be4 Rb8 18. Rhe1 Bb7 19. Rd7 Bxe4 20. Rxe7 Rb7
21. Rxb7 Bxb7 22. g3 Bc6 23. Ne2 Rd8 24. Rd1 Rxd1+ 1/2-1/2

[Event "International Championship of Central S"]
[Site "Paracin"]
[Date "2014.07.05"]
[Round "3.1"]
[White "Lajthajm, Borko"]
[Black "Popovic, Aleksandar M"]
[Result "1-0"]
[ECO "E70"]
[WhiteElo "2526"]
[BlackElo "2323"]
[Annotator "Boban,Milojevic"]
[PlyCount "73"]
[EventDate "2014.??.??"]
[TimeControl "6000+1430"]
[WhiteClock "1:04:34"]
[BlackClock "0:00:46"]

1. d4 Nf6 2. c4 g6 3. Nc3 Bg7 4. e4 O-O 5. h3 d6 6. Nf3 e5 7. d5 Na6 8. Bg5 h6
9. Be3 Nc5 10. Nd2 a5 11. g4 c6 12. Be2 cxd5 13. cxd5 Bd7 14. h4 a4 15. g5 hxg5
16. hxg5 Nh7 17. Rg1 Qa5 18. Nc4 Qc7 19. Na3 Rfc8 20. f3 Bf8 21. Qd2 Rcb8 22.
Rh1 Ra5 23. Bf1 Bg7 24. Bb5 Raa8 25. Rc1 b6 26. Nc4 Rd8 27. Kd1 Nf8 28. Bxd7
Rxd7 29. Nb5 Qd8 30. Rc2 f5 31. gxf6 Qxf6 32. Qg2 Qd8 33. Bg5 Qb8 34. Rd2 a3
35. b3 Ra5 36. Nbxa3 Ra6 37. Nb5 1-0

[Event "International Championship of Central S"]
[Site "Paracin"]
[Date "2014.07.05"]
[Round "3.2"]
[White "Doric, Nenad"]
[Black "Vojinovic, Goran"]
[Result "1/2-1/2"]
[ECO "E46"]
[WhiteElo "2316"]
[BlackElo "2460"]
[Annotator "Boban,Milojevic"]
[PlyCount "40"]
[EventDate "2014.??.??"]
[TimeControl "6000+575"]
[WhiteClock "1:13:13"]
[BlackClock "1:05:08"]

1. d4 Nf6 2. c4 e6 3. Nc3 Bb4 4. e3 O-O 5. Nge2 d5 6. a3 Bd6 7. Ng3 c5 8. dxc5
Bxc5 9. b4 Bb6 10. Na4 Bc7 11. Bb2 Nc6 12. Be2 Ne5 13. cxd5 exd5 14. O-O Re8
15. Rc1 Bd7 16. Nc5 Bc8 17. Na4 Bd7 18. Nc5 Bc8 19. Na4 Bd7 20. Nc5 Bc8 1/2-1/2

[Event "International Championship of Central S"]
[Site "Paracin"]
[Date "2014.07.05"]
[Round "3.3"]
[White "Pantelic, Sasa"]
[Black "Abramovic, Bosko"]
[Result "1/2-1/2"]
[ECO "E81"]
[WhiteElo "2312"]
[BlackElo "2443"]
[Annotator "Boban,Milojevic"]
[PlyCount "126"]
[EventDate "2014.??.??"]
[TimeControl "6000+1425"]
[WhiteClock "0:03:06"]
[BlackClock "0:02:46"]

1. d4 Nf6 2. c4 g6 3. Nc3 Bg7 4. e4 d6 5. f3 O-O 6. Be3 c5 7. dxc5 dxc5 8. Qxd8
Rxd8 9. Bxc5 Nc6 10. Nge2 b6 11. Ba3 Ba6 12. Nd5 Bxc4 13. Nxe7+ Nxe7 14. Bxe7
Re8 15. Bb4 Rac8 16. Bc3 Nd7 17. Bxg7 Kxg7 18. Nc3 Ne5 19. Bxc4 Nxc4 20. O-O-O
Re5 21. Rd3 Rg5 22. g3 Ne5 23. Re3 Nc4 24. f4 Nxe3 25. fxg5 Ng4 26. Kc2 Nf2 27.
Re1 Nh3 28. Kb3 Nxg5 29. Re3 Ne6 30. Kc2 h5 31. h4 Nc5 32. Kd1 a5 33. Ke2 Rd8
34. Kf3 Rd4 35. Re2 a4 36. a3 Rd3+ 37. Re3 Rd4 38. Re2 Rd6 39. Re1 Rd3+ 40. Re3
Rd6 41. Re2 Kf8 42. Rc2 Rd3+ 43. Kf2 Ke8 44. Re2 Kd7 45. Re3 Ke6 46. Nxa4 Rd2+
47. Ke1 Rg2 48. Nxc5+ bxc5 49. Rb3 Ke5 50. a4 Kd4 51. a5 c4 52. Rb4 Kd3 53. Kf1
Rc2 54. e5 Rc1+ 55. Kf2 Ra1 56. Rb5 Rb1 57. a6 Ra1 58. Rb6 Kd4 59. e6 fxe6 60.
Rxe6 Ra2 61. Rd6+ Ke4 62. Re6+ Kd4 63. Rd6+ Ke5 1/2-1/2

[Event "International Championship of Central S"]
[Site "Paracin"]
[Date "2014.07.05"]
[Round "3.4"]
[White "Egorov, Evgeny"]
[Black "Davletbayeva, Madina"]
[Result "1-0"]
[ECO "C47"]
[WhiteElo "2358"]
[BlackElo "2284"]
[Annotator "Boban,Milojevic"]
[PlyCount "89"]
[EventDate "2014.??.??"]
[TimeControl "6000+870"]
[WhiteClock "0:04:42"]
[BlackClock "0:03:49"]

1. e4 e5 2. Nf3 Nc6 3. Nc3 Nf6 4. Be2 d5 5. exd5 Nxd5 6. O-O Nxc3 7. bxc3 e4 8.
Ne1 Bd6 9. d4 O-O 10. f4 Ne7 11. c4 c5 12. c3 b6 13. Nc2 Qc7 14. Kh1 Ba6 15. d5
Nf5 16. Qe1 Be7 17. a4 Nd6 18. Na3 Qd7 19. f5 Bf6 20. g4 Qe7 21. Be3 Rad8 22.
Qd2 h6 23. Nb5 Bg5 24. Ra2 f6 25. Nxd6 Rxd6 26. a5 Rb8 27. Kg2 Kh7 28. Rh1 Qe5
29. h4 Bxe3 30. Qxe3 bxa5 31. Rc1 a4 32. Qxc5 Rc8 33. Qd4 Bxc4 34. Bxc4 Qf4 35.
Rf1 Qxg4+ 36. Kh1 Qxh4+ 37. Rh2 Qg5 38. Ba2 e3 39. c4 Rb6 40. d6 a3 41. d7 Rd8
42. Rg1 Qxf5 43. Qxe3 Rxd7 44. c5 Rd3 45. Qxh6+ 1-0

[Event "International Championship of Central S"]
[Site "Paracin"]
[Date "2014.07.05"]
[Round "3.5"]
[White "Selbes, Tarik"]
[Black "Strebkovs, Andrejs"]
[Result "1-0"]
[ECO "A05"]
[WhiteElo "2241"]
[BlackElo "2357"]
[Annotator "Boban,Milojevic"]
[PlyCount "93"]
[EventDate "2014.??.??"]
[TimeControl "6000+665"]
[WhiteClock "0:30:23"]
[BlackClock "0:01:52"]

1. Nf3 Nf6 2. b3 d5 3. Bb2 Bf5 4. d3 h6 5. g3 e6 6. Bg2 c5 7. c4 Nc6 8. O-O Be7
9. a3 O-O 10. Nbd2 Rc8 11. Ne5 Nxe5 12. Bxe5 b6 13. b4 Nd7 14. Bb2 Bf6 15. Bxf6
Nxf6 16. Qb3 d4 17. a4 Qe7 18. a5 e5 19. axb6 axb6 20. Ra6 Rb8 21. bxc5 bxc5
22. Qa3 Rb4 23. Nb3 e4 24. Nxc5 Qxc5 25. Ra5 Qb6 26. Rxf5 Rb3 27. Qa1 exd3 28.
exd3 Rxd3 29. Rb5 Qe6 30. c5 Qc4 31. Ra5 Rc3 32. c6 d3 33. Qa2 Rd8 34. Rd1 Qg4
35. Qa1 Rc2 36. Re5 d2 37. h3 Qc4 38. Qa5 Rd3 39. Kh2 Rd4 40. Re7 Ra2 41. Qe5
Qa4 42. Qb8+ Kh7 43. c7 Rc4 44. c8=Q Rxc8 45. Qxc8 Qxd1 46. Be4+ Nxe4 47. Qf5+
1-0

[Event "International Championship of Central S"]
[Site "Paracin"]
[Date "2014.07.05"]
[Round "3.6"]
[White "Lekic, Lazar"]
[Black "Andrijevic, Milan"]
[Result "1-0"]
[ECO "B43"]
[WhiteElo "2081"]
[BlackElo "2336"]
[Annotator "Boban,Milojevic"]
[PlyCount "107"]
[EventDate "2014.??.??"]
[TimeControl "4800+1820"]
[WhiteClock "0:05:31"]
[BlackClock "0:01:03"]

1. e4 c5 2. Nf3 e6 3. d4 cxd4 4. Nxd4 a6 5. Nc3 Qc7 6. Bd3 Nc6 7. Nxc6 dxc6 8.
O-O e5 9. f4 Nf6 10. f5 h6 11. Kh1 Be7 12. Qf3 O-O 13. g4 Nh7 14. Qg3 b5 15. h4
f6 16. Ne2 c5 17. c4 b4 18. Ng1 Bb7 19. Nf3 Rad8 20. Bc2 Rd7 21. Be3 Bc6 22.
Rae1 a5 23. Rg1 Qd8 24. Re2 Rd3 25. Rd2 Rxd2 26. Bxd2 Qa8 27. Qe1 Qe8 28. Rg2
a4 29. Qg3 Qa8 30. g5 hxg5 31. hxg5 fxg5 32. Qxe5 Bf6 33. Qe6+ Kh8 34. Nxg5
Bxg5 35. Bxg5 Qe8 36. Be7 Rf7 37. Bxc5 Qxe6 38. fxe6 Rb7 39. Rd2 Nf6 40. Rd8+
Kh7 41. Kg1 b3 42. axb3 axb3 43. Bd3 Ne8 44. Rc8 Rc7 45. Rxc7 Nxc7 46. e5+ g6
47. e7 Kg7 48. Kf2 Kf7 49. Ke3 g5 50. Be4 Bxe4 51. Kxe4 Ke6 52. Bd6 Ne8 53. c5
Ng7 54. c6 {[%emt 28:37:29] Kd5+} 1-0

[Event "International Championship of Central S"]
[Site "Paracin"]
[Date "2014.07.05"]
[Round "3.7"]
[White "Blagojevic, Dragisa"]
[Black "Radovic, Stefan"]
[Result "1-0"]
[ECO "D70"]
[WhiteElo "2505"]
[BlackElo "2072"]
[Annotator "Boban,Milojevic"]
[PlyCount "63"]
[EventDate "2014.??.??"]
[TimeControl "6000+655"]
[WhiteClock "0:33:52"]
[BlackClock "0:07:12"]

1. d4 Nf6 2. c4 g6 3. Nf3 Bg7 4. g3 c6 5. Bg2 d5 6. b3 O-O 7. O-O Bf5 8. Bb2 a5
9. Nc3 Ne4 10. e3 Nxc3 11. Bxc3 Nd7 12. Qe2 Nc5 13. Rfc1 Ne4 14. Be1 a4 15.
cxd5 cxd5 16. bxa4 Rxa4 17. Qb2 Nd6 18. Ne5 Be6 19. Qb3 Qa8 20. Bb4 Rd8 21. Nd3
b6 22. Nf4 Nc8 23. a3 Ra7 24. Rc3 Rad7 25. Rac1 Bf6 26. Rc6 Nd6 27. Nxd5 Kg7
28. Qd1 Bxd5 29. Bxd5 Qa7 30. Qb3 e6 31. Bxe6 fxe6 32. Bxd6 1-0

[Event "International Championship of Central S"]
[Site "Paracin"]
[Date "2014.07.05"]
[Round "3.8"]
[White "Radovanovic, Nikola"]
[Black "Kosic, Dragan"]
[Result "1/2-1/2"]
[ECO "E32"]
[WhiteElo "2303"]
[BlackElo "2493"]
[Annotator "Boban,Milojevic"]
[PlyCount "40"]
[EventDate "2014.??.??"]
[TimeControl "6000+780"]
[WhiteClock "0:50:08"]
[BlackClock "0:54:44"]

1. d4 Nf6 2. c4 e6 3. Nc3 Bb4 4. Qc2 O-O 5. a3 Bxc3+ 6. Qxc3 b6 7. Nf3 Bb7 8.
e3 a5 9. b3 d6 10. Be2 Nbd7 11. O-O Ne4 12. Qc2 Qe7 13. Nd2 f5 14. f3 Nxd2 15.
Bxd2 c5 16. b4 axb4 17. axb4 Rfc8 18. Qb2 Bc6 19. Bc3 Qg5 20. Bd2 Qe7 1/2-1/2